General information
- name: BNet
- type: Ladder team game (AT/RT)
- host: Battle.net
- saver: YoungGutta
map: DragonFalls
- players: 8
- length: 30:14
- speed: Fast
- version: 1.27 W3XP
- replay type: Public
» download(223 KB)
Players
team 1 (winner)

»
Bangladesh (
teal | 27 APM | 809 actions | 30:13)
7 Death Knight
3 Death Coil
3 Unholy Aura
1 Animate Dead
» actions
| Build / train | 55 | |
| ESC pressed | 4 | |
| Enter build submenu | 15 | |
| Enter hero's abilities submenu | 7 | |
| Give item / drop item | 1 | |
| Right click | 393 | |
| Select / deselect | 259 | |
| Use ability | 75 | |
809 total
» units
| Acolyte | 4 | |
| Ghoul | 4 | |
| Crypt Fiend | 4 | |
| Frost Wyrm | 12 | |
24 total
» upgrades
| Creature Attack | 3 | |
| Freezing Breath | 1 | |
| Creature Carapace | 1 | |
| Burrow | 1 | |
6 total
» buildings
| Crypt | 1 | |
| Altar of Darkness | 1 | |
| Ziggurat | 7 | |
| Graveyard | 1 | |
| Tomb of Relics | 1 | |
| Halls of the Dead | 1 | |
| Spirit Tower | 4 | |
| Black Citadel | 1 | |
| Sacrificial Pit | 1 | |
| Boneyard | 2 | |
20 total
» build order
00:21 Crypt
00:25 Altar of Darkness
00:33 Ziggurat
01:04 Ziggurat
01:45 Graveyard
02:23 Tomb of Relics
02:50 Halls of the Dead
03:25 Spirit Tower
04:07 Ziggurat
04:13 Ziggurat
05:15 Black Citadel
06:45 Sacrificial Pit
07:40 Boneyard
07:43 Boneyard
09:28 Spirit Tower
09:33 Spirit Tower
09:36 Spirit Tower
09:52 Ziggurat
12:37 Ziggurat
16:10 Ziggurat
» items
| Rod of Necromancy | 1 | |
| Scroll of Town Portal | 7 | |
| Potion of Healing | 1 | |
| Healing Salve | 1 | |
| Potion of Lesser Invulnerability | 1 | |
11 total
YoungGutta (
pink | 76 APM | 2313 actions | 30:14)
9 Blademaster
3 Wind Walk
3 Critical Strike
1 Bladestorm
2 Mirror Image
» actions
| Assign group hotkey | 56 | |
| Basic commands | 32 | |
| Build / train | 87 | |
| Enter build submenu | 43 | |
| Enter hero's abilities submenu | 9 | |
| Give item / drop item | 7 | |
| Remove unit from queue | 1 | |
| Right click | 1018 | |
| Select / deselect | 406 | |
| Select group hotkey | 492 | |
| Use ability | 162 | |
2313 total
» units
| Peon | 8 | |
| Grunt | 8 | |
| Goblin Shredder | 1 | |
| Goblin Zeppelin | 2 | |
| Troll Batrider | 12 | |
| Green Dragon | 2 | |
| Wind Rider | 2 | |
35 total
» upgrades
| Ranged Weapons | 3 | |
| Armor | 3 | |
| Troll Regeneration | 1 | |
| Liquid Fire | 1 | |
| Reinforced Defenses | 1 | |
| Witch Doctor Training | 1 | |
10 total
» buildings
| Orc Burrow | 3 | |
| Altar of Storms | 1 | |
| Barracks | 1 | |
| Voodoo Lounge | 1 | |
| War Mill | 2 | |
| Great Hall | 2 | |
| Stronghold | 1 | |
| Watch Tower | 26 | |
| Fortress | 1 | |
| Beastiary | 3 | |
| Spirit Lodge | 1 | |
42 total
» build order
00:10 Orc Burrow
00:56 Altar of Storms
00:57 Barracks
01:13 Orc Burrow
02:11 Voodoo Lounge
02:22 War Mill
04:05 Great Hall
04:40 Stronghold
04:46 Watch Tower
04:57 Watch Tower
05:47 Orc Burrow
05:58 Watch Tower
06:03 Watch Tower
06:03 Watch Tower
08:18 Fortress
09:14 Watch Tower
09:15 Watch Tower
09:16 Watch Tower
09:23 Beastiary
09:26 Beastiary
09:28 Beastiary
12:19 War Mill
15:39 Watch Tower
15:40 Watch Tower
15:41 Watch Tower
15:43 Watch Tower
15:44 Watch Tower
20:33 Watch Tower
20:34 Watch Tower
20:34 Watch Tower
22:33 Watch Tower
22:34 Watch Tower
22:34 Watch Tower
24:55 Spirit Lodge
28:34 Watch Tower
28:34 Watch Tower
28:35 Watch Tower
28:36 Great Hall
28:44 Watch Tower
28:45 Watch Tower
28:46 Watch Tower
» items
| Healing Salve | 10 | |
| Lesser Clarity Potion | 2 | |
| Boots of Speed | 1 | |
| Staff of Teleportation | 1 | |
| Potion of Healing | 5 | |
| Potion of Mana | 2 | |
| Scroll of Town Portal | 7 | |
| Orb of Lightning | 1 | |
29 total
homelessbob (
orange | 85 APM | 2563 actions | 30:13)
5 Crypt Lord
3 Carrion Beetles
1 Impale
1 Spiked Carapace
4 Death Knight
2 Death Coil
2 Unholy Aura
3 Dreadlord
2 Vampiric Aura
1 Sleep
» actions
| Assign group hotkey | 182 | |
| Basic commands | 92 | |
| Build / train | 159 | |
| Enter build submenu | 20 | |
| Enter hero's abilities submenu | 12 | |
| Give item / drop item | 3 | |
| Right click | 1022 | |
| Select / deselect | 360 | |
| Select group hotkey | 639 | |
| Use ability | 74 | |
2563 total
» units
| Acolyte | 8 | |
| Ghoul | 8 | |
| Crypt Fiend | 16 | |
| Necromancer | 12 | |
| Frost Wyrm | 2 | |
46 total
» upgrades
| Creature Attack | 3 | |
| Creature Carapace | 3 | |
| Web | 1 | |
| Skeletal Longevity | 1 | |
| Necromancer Training | 2 | |
| Skeletal Mastery | 1 | |
| Ghoul Frenzy | 1 | |
| Unholy Strength | 1 | |
| Unholy Armor | 1 | |
| Freezing Breath | 1 | |
15 total
» buildings
| Crypt | 1 | |
| Ziggurat | 9 | |
| Altar of Darkness | 1 | |
| Nerubian Tower | 6 | |
| Graveyard | 2 | |
| Halls of the Dead | 1 | |
| Spirit Tower | 19 | |
| Black Citadel | 4 | |
| Temple of the Damned | 1 | |
| Tomb of Relics | 1 | |
| Sacrificial Pit | 1 | |
| Boneyard | 1 | |
47 total
» build order
00:10 Crypt
00:13 Ziggurat
00:35 Altar of Darkness
01:07 Nerubian Tower
01:07 Nerubian Tower
01:08 Nerubian Tower
01:20 Ziggurat
03:03 Graveyard
03:07 Ziggurat
05:18 Halls of the Dead
05:52 Ziggurat
05:55 Ziggurat
05:59 Ziggurat
06:33 Ziggurat
06:50 Nerubian Tower
06:50 Nerubian Tower
06:50 Nerubian Tower
06:51 Spirit Tower
06:51 Spirit Tower
06:53 Ziggurat
07:12 Spirit Tower
07:13 Spirit Tower
07:29 Spirit Tower
07:30 Spirit Tower
07:30 Spirit Tower
07:30 Spirit Tower
07:39 Black Citadel
07:39 Black Citadel
07:40 Black Citadel
07:40 Black Citadel
08:37 Temple of the Damned
08:52 Spirit Tower
08:55 Tomb of Relics
09:04 Spirit Tower
09:04 Spirit Tower
09:25 Ziggurat
11:05 Spirit Tower
11:05 Spirit Tower
11:05 Spirit Tower
11:06 Spirit Tower
16:39 Sacrificial Pit
19:34 Boneyard
23:11 Graveyard
» items
| Orb of Corruption | 2 | |
| Potion of Healing | 6 | |
| Potion of Mana | 1 | |
| Dust of Appearance | 1 | |
| Scroll of Speed | 1 | |
| Scroll of Town Portal | 5 | |
| Orb of Lightning | 1 | |
17 total

»
tenderlyfe (
blue | 39 APM | 1177 actions | 30:13)
3 Death Knight
2 Death Coil
1 Unholy Aura
3 Dark Ranger
2 Black Arrow
1 Life Drain
» actions
| Build / train | 62 | |
| Enter build submenu | 27 | |
| Enter hero's abilities submenu | 6 | |
| Remove unit from queue | 5 | |
| Right click | 725 | |
| Select / deselect | 314 | |
| Use ability | 38 | |
1177 total
» units
| Acolyte | 8 | |
| Ghoul | 5 | |
| Crypt Fiend | 8 | |
| Frost Wyrm | 8 | |
29 total
» upgrades
| Creature Carapace | 4 | |
| Creature Attack | 3 | |
| Web | 1 | |
| Freezing Breath | 1 | |
9 total
» buildings
| Graveyard | 2 | |
| Altar of Darkness | 1 | |
| Ziggurat | 10 | |
| Crypt | 2 | |
| Tomb of Relics | 1 | |
| Nerubian Tower | 3 | |
| Halls of the Dead | 2 | |
| Sacrificial Pit | 1 | |
| Black Citadel | 3 | |
| Spirit Tower | 1 | |
| Boneyard | 3 | |
29 total
» build order
00:11 Graveyard
00:21 Altar of Darkness
00:46 Ziggurat
01:02 Crypt
01:35 Tomb of Relics
02:02 Nerubian Tower
02:53 Ziggurat
05:08 Crypt
05:51 Nerubian Tower
05:53 Halls of the Dead
05:53 Halls of the Dead
08:37 Ziggurat
08:40 Ziggurat
08:47 Sacrificial Pit
11:40 Ziggurat
11:43 Ziggurat
11:46 Ziggurat
11:49 Ziggurat
11:52 Ziggurat
12:18 Black Citadel
12:19 Black Citadel
13:52 Nerubian Tower
14:02 Ziggurat
14:46 Spirit Tower
15:28 Boneyard
15:42 Boneyard
20:58 Graveyard
25:04 Boneyard
» items
team 2 (loser)

»
buzzboyce (
purple | 72 APM | 2027 actions | 28:20)
6 Mountain King
3 Storm Bolt
2 Bash
1 Avatar
» actions
| Assign group hotkey | 67 | |
| Basic commands | 3 | |
| Build / train | 85 | |
| Enter build submenu | 36 | |
| Enter hero's abilities submenu | 6 | |
| Remove unit from queue | 1 | |
| Right click | 978 | |
| Select / deselect | 503 | |
| Select group hotkey | 267 | |
| Use ability | 81 | |
2027 total
» units
| Peasant | 17 | |
| Footman | 2 | |
| Rifleman | 17 | |
| Goblin Shredder | 1 | |
| Sorceress | 6 | |
| Dragonhawk Rider | 9 | |
| Priest | 1 | |
53 total
» upgrades
| Gunpowder | 3 | |
| Lumber Harvesting | 1 | |
| Long Rifles | 1 | |
| Sorceress Training | 2 | |
| Armor | 1 | |
| Masonry | 1 | |
| Cloud | 1 | |
| Priest Training | 1 | |
11 total
» buildings
| Altar of Kings | 1 | |
| Farm | 14 | |
| Barracks | 1 | |
| Blacksmith | 1 | |
| Town Hall | 4 | |
| Arcane Vault | 2 | |
| Scout Tower | 6 | |
| Arcane Tower | 1 | |
| Keep | 1 | |
| Lumber Mill | 1 | |
| Castle | 1 | |
| Arcane Sanctum | 1 | |
| Gryphon Aviary | 2 | |
| Guard Tower | 3 | |
39 total
» build order
00:20 Altar of Kings
00:35 Farm
00:50 Barracks
01:18 Farm
01:49 Blacksmith
01:56 Farm
02:34 Farm
03:19 Farm
04:16 Town Hall
04:19 Arcane Vault
04:29 Scout Tower
05:08 Arcane Tower
05:10 Farm
05:58 Farm
06:33 Keep
06:36 Scout Tower
07:08 Farm
07:17 Lumber Mill
08:59 Castle
09:03 Arcane Sanctum
09:21 Farm
10:11 Farm
10:57 Farm
10:59 Farm
11:41 Gryphon Aviary
12:14 Gryphon Aviary
13:58 Farm
13:59 Farm
14:53 Guard Tower
15:02 Scout Tower
15:02 Scout Tower
15:45 Guard Tower
16:01 Scout Tower
17:49 Town Hall
19:34 Arcane Vault
22:36 Scout Tower
22:57 Guard Tower
23:39 Town Hall
24:49 Town Hall
» items
| Scroll of Regeneration | 4 | |
| Lesser Clarity Potion | 1 | |
| Scroll of Town Portal | 1 | |
| Orb of Fire | 1 | |
| Potion of Healing | 1 | |
8 total
Giggity_Goo (
yellow | 44 APM | 1332 actions | 30:13)
1 Far Seer
1 Feral Spirit
» actions
| Basic commands | 10 | |
| Build / train | 73 | |
| Enter build submenu | 55 | |
| Enter hero's abilities submenu | 1 | |
| Give item / drop item | 4 | |
| Right click | 820 | |
| Select / deselect | 286 | |
| Use ability | 83 | |
1332 total
» units
| Peon | 23 | |
| Goblin Shredder | 1 | |
| Demolisher | 14 | |
| Goblin Zeppelin | 9 | |
| Green Drake | 2 | |
49 total
» upgrades
| Pillage | 1 | |
| Armor | 1 | |
| Spiked Barricades | 2 | |
| Burning Oil | 1 | |
| Reinforced Defenses | 1 | |
6 total
» buildings
| Orc Burrow | 7 | |
| War Mill | 2 | |
| Altar of Storms | 1 | |
| Voodoo Lounge | 2 | |
| Watch Tower | 31 | |
| Stronghold | 1 | |
| Barracks | 3 | |
| Fortress | 2 | |
| Great Hall | 4 | |
53 total
» build order
00:41 Orc Burrow
00:49 War Mill
00:58 Altar of Storms
01:06 Voodoo Lounge
01:16 War Mill
02:47 Watch Tower
02:52 Watch Tower
03:03 Orc Burrow
03:57 Watch Tower
04:42 Watch Tower
04:54 Watch Tower
05:46 Stronghold
06:59 Barracks
07:18 Barracks
07:43 Barracks
07:50 Watch Tower
08:09 Watch Tower
08:16 Watch Tower
08:37 Watch Tower
08:46 Fortress
10:29 Great Hall
10:34 Watch Tower
10:40 Watch Tower
12:40 Great Hall
12:46 Watch Tower
12:50 Watch Tower
13:24 Orc Burrow
13:31 Orc Burrow
13:56 Watch Tower
14:03 Watch Tower
14:57 Orc Burrow
15:01 Orc Burrow
15:14 Watch Tower
15:58 Watch Tower
16:57 Voodoo Lounge
17:06 Orc Burrow
22:29 Great Hall
22:34 Watch Tower
22:38 Watch Tower
22:42 Watch Tower
24:21 Great Hall
24:38 Watch Tower
24:56 Watch Tower
25:55 Watch Tower
26:01 Watch Tower
26:14 Watch Tower
26:24 Watch Tower
28:14 Watch Tower
28:19 Watch Tower
28:23 Watch Tower
29:18 Watch Tower
29:24 Watch Tower
» items
| Lesser Clarity Potion | 3 | |
| Healing Salve | 2 | |
| Potion of Healing | 3 | |
| Scroll of Speed | 2 | |
| Orb of Lightning | 1 | |
| Potion of Mana | 1 | |
12 total

»
Satanaz (
green | 59 APM | 1747 actions | 29:46)
7 Far Seer
3 Feral Spirit
3 Chain Lighting
1 Earth Quake
» actions
| Assign group hotkey | 20 | |
| Basic commands | 6 | |
| Build / train | 85 | |
| Enter build submenu | 25 | |
| Enter hero's abilities submenu | 7 | |
| Give item / drop item | 2 | |
| Right click | 565 | |
| Select / deselect | 401 | |
| Select group hotkey | 487 | |
| Use ability | 149 | |
1747 total
» units
| Peon | 16 | |
| Grunt | 6 | |
| Raider | 12 | |
| Troll Headhunter/Berserker | 1 | |
| Troll Batrider | 3 | |
| Demolisher | 2 | |
| Wind Rider | 1 | |
41 total
» upgrades
| Pillage | 1 | |
| Spiked Barricades | 2 | |
| Armor | 1 | |
| Melee Weapons | 2 | |
| Berserker Strength | 1 | |
| Ensnare | 1 | |
| Troll Regeneration | 1 | |
| Reinforced Defenses | 1 | |
| Liquid Fire | 1 | |
| Burning Oil | 1 | |
| Ranged Weapons | 1 | |
13 total
» buildings
| Altar of Storms | 1 | |
| Barracks | 2 | |
| Orc Burrow | 8 | |
| Voodoo Lounge | 1 | |
| War Mill | 1 | |
| Stronghold | 1 | |
| Great Hall | 1 | |
| Watch Tower | 10 | |
| Beastiary | 3 | |
| Fortress | 1 | |
| Spirit Lodge | 1 | |
30 total
» build order
00:39 Altar of Storms
00:44 Barracks
00:52 Orc Burrow
01:51 Orc Burrow
02:12 Voodoo Lounge
02:33 War Mill
02:50 Orc Burrow
05:11 Stronghold
06:53 Great Hall
06:55 Watch Tower
06:56 Watch Tower
07:10 Orc Burrow
08:08 Watch Tower
08:09 Watch Tower
09:20 Beastiary
09:27 Watch Tower
09:33 Beastiary
09:42 Watch Tower
11:26 Beastiary
11:33 Orc Burrow
13:13 Orc Burrow
13:18 Orc Burrow
14:48 Watch Tower
15:30 Fortress
16:33 Watch Tower
16:35 Watch Tower
20:46 Orc Burrow
21:28 Barracks
24:59 Watch Tower
27:06 Spirit Lodge
» items
| Healing Salve | 5 | |
| Scroll of Speed | 5 | |
| Potion of Healing | 4 | |
| Lesser Clarity Potion | 1 | |
| Scroll of Town Portal | 5 | |
| Orb of Lightning | 1 | |
21 total
la_mierda_que (
red | 70 APM | 2084 actions | 29:53)
4 Goblin Tinker
2 Pocket Factory
2 Engineering Upgrade
4 Keeper of the Grove
2 Entangling Roots
2 Thorns Aura
3 Priestess of the Moon
2 Trueshot Aura
1 Searing Arrows
» actions
| Assign group hotkey | 37 | |
| Basic commands | 213 | |
| Build / train | 90 | |
| ESC pressed | 4 | |
| Enter build submenu | 18 | |
| Enter hero's abilities submenu | 11 | |
| Give item / drop item | 3 | |
| Remove unit from queue | 6 | |
| Right click | 513 | |
| Select / deselect | 386 | |
| Select group hotkey | 699 | |
| Use ability | 104 | |
2084 total
» units
| Wisp | 13 | |
| Druid of the Talon | 17 | |
| Dryad | 14 | |
44 total
» upgrades
| Druid of the Talon Training | 2 | |
| Abolish Magic | 2 | |
| Well Spring | 1 | |
| Mark of the Talon | 1 | |
| Ultravision | 1 | |
| Nature's Blessing | 1 | |
8 total
» buildings
| Moon Well | 6 | |
| Tree of Ages | 4 | |
| Altar of Elders | 2 | |
| Ancient of Wonders | 3 | |
| Ancient of Wind | 1 | |
| Hunter's Hall | 1 | |
| Ancient of Lore | 1 | |
| Tree of Eternity | 4 | |
| Tree of Life | 2 | |
| Guard Tower | 1 | |
25 total
» build order
01:01 Moon Well
01:23 Tree of Ages
01:23 Tree of Ages
01:24 Tree of Ages
01:46 Altar of Elders
02:48 Ancient of Wonders
04:21 Ancient of Wind
04:31 Hunter's Hall
05:33 Moon Well
05:39 Ancient of Lore
05:44 Moon Well
06:39 Moon Well
06:46 Tree of Eternity
06:46 Tree of Eternity
06:47 Tree of Eternity
06:47 Tree of Eternity
08:22 Moon Well
09:24 Tree of Life
11:29 Ancient of Wonders
11:42 Ancient of Wonders
17:31 Altar of Elders
20:10 Tree of Life
29:19 Guard Tower
» items
| Boots of Speed | 1 | |
| Lesser Clarity Potion | 3 | |
| Scroll of Town Portal | 2 | |
| Potion of Lesser Invulnerability | 1 | |
| Scroll of Protection | 1 | |
8 total
Chat log
(00:13 / All) Bangladesh: Bangladesh #1
(00:34 / All) YoungGutta: #1 sweatshops in the world
(00:42 / All) Bangladesh: no
(00:56 / Allies) Bangladesh: dk haras together oj?
(01:06 / Allies) homelessbob: im gonna expo first
(01:08 / All) YoungGutta: #1 street shitters in the world
(01:09 / All) buzzboyce: counrty with more fags per capita
(01:15 / All) Bangladesh: usa
(01:42 / Allies) homelessbob: teal?
(01:47 / Allies) Bangladesh: k
(01:51 / Allies) homelessbob: u want it ?
(01:54 / Allies) Bangladesh: no
(01:56 / All) YoungGutta: Bangladesh #1 worst clothes in the world
(01:56 / Allies) homelessbob: k
(02:05 / All) YoungGutta: Great 3 month threads
(02:07 / Allies) Bangladesh: no
(02:16 / All) buzzboyce: worst everyhting. U know u failed in life if you end up there
(02:28 / All) Bangladesh: no
(02:53 / All) buzzboyce: when u need to promote your place in a 15 years old game... pretty lame!
(03:04 / All) Bangladesh: yes you are
(05:28 / Allies) Bangladesh: i coil oj
(05:33 / Allies) homelessbob: im good
(05:44 / Allies) homelessbob: omw
(07:51 / Allies) homelessbob: yurs
(07:54 / Allies) homelessbob: u need them
(07:58 / Allies) homelessbob: u can heal me
(08:00 / Allies) homelessbob: i cant heal u
(09:14 / Allies) homelessbob: they going bats i think
(09:21 / Allies) homelessbob: towers people
(09:23 / Allies) Bangladesh: gold?
(09:31 / Allies) YoungGutta: I'll go bats too
(09:43 / Allies) Bangladesh: ty
(10:26 / Allies) homelessbob: care
(11:19 / Allies) homelessbob: i am almost to full strength
(12:24 / Allies) homelessbob: omw
(12:32 / Allies) homelessbob: teal ghouls
(13:05 / All) YoungGutta: god that was asnnoying
(13:32 / Allies) YoungGutta: out blue
(14:36 / Allies) homelessbob: omw
(14:56 / Allies) homelessbob: got it
(15:23 / Allies) homelessbob: oh u want lumber
(15:35 / Allies) tenderlyfe: :D
(15:38 / Allies) tenderlyfe: yes plz
(16:40 / Allies) Bangladesh: explode
(16:45 / Allies) Bangladesh: bats
(17:38 / Allies) YoungGutta: loma
(17:41 / Allies) YoungGutta: he bailed on purple
(17:45 / Allies) YoungGutta: for his hero
(17:54 / Allies) homelessbob: i got u
(18:35 / Allies) homelessbob: omw
(18:35 / Allies) YoungGutta: no wonder I had little food
(19:07 / Allies) tenderlyfe: lumber plz
(19:16 / Allies) tenderlyfe: <3
(20:06 / Allies) Bangladesh: they see me
(20:22 / Allies) homelessbob: u need to take that teal
(21:44 / Allies) YoungGutta: I'm out
(22:19 / Allies) YoungGutta: lumber
(23:36 / Allies) Bangladesh: blue
(23:41 / Allies) homelessbob: omw
(24:11 / All) la_mierda_que: purp suck
(25:12 / Allies) YoungGutta: damn no humans to buy shit to heal my dragon
(27:44 / Allies) homelessbob: im out
(27:52 / Allies) homelessbob: out
(27:53 / Allies) homelessbob: out
(28:10 / All) la_mierda_que: terrible team
(28:23 / Allies) homelessbob: were doing good guys
(29:02 / All) YoungGutta: you just ran into da dragon god
(29:30 / Allies) tenderlyfe: werebest to hit green from the back
(29:55 / Allies) homelessbob: i am almost ready
(30:01 / All) YoungGutta: my dragons were not following ordres!